 Dungeon Crawl Stone Soup version 0.30-a0-779-g7971cf19c3 (webtiles) character file.

Game seed: 8953177839407734690

40 Newt the Shooter (level 3, -13/24 HPs)
             Began as a Kobold Hunter on Feb 16, 2023.
             Killed by an exploding kobold (26 damage)
             ... ignited by their inner flame
             ... on level 2 of the Dungeon on Feb 17, 2023.
             The game lasted 00:01:29 (1606 turns).

Newt the Shooter (Kobold Hunter)                    Turns: 1606, Time: 00:01:29

Health: -13/24     AC:  4    Str:  8    XL:     3   Next: 72%
Magic:  3/3        EV: 14    Int: 10    God:
Gold:   56         SH:  0    Dex: 20    Spells: 2/2 levels left

rFire   . . .      SeeInvis .    a - +0 shortbow (heavy)
rCold   . . .      Faith    .    (shield currently unavailable)
rNeg    . . .      Spirit   .    c - +0 leather armour
rPois   .          Reflect  .    (no helmet)
rElec   .          Harm     .    (no cloak)
rCorr   .          Rampage  .    j - +0 pair of gloves
Will    .....                    (no boots)
Stlth   +++                      (no amulet)
HPRegen 0.24/turn                (no ring)
MPRegen 0.08/turn                (no ring)

@: no status effects
A: small, no large weapons, nightstalker 3
a: no special abilities


You were on level 2 of the Dungeon.
You visited 1 branch of the dungeon, and saw 2 of its levels.

You collected 56 gold pieces.

Inventory:

Hand Weapons
 a - a +0 heavy shortbow (weapon)
Armour
 c - a +0 leather armour (worn)
 j - a +0 pair of gloves (worn)
Jewellery
 k - a +4 ring of protection
Scrolls
 b - a scroll of immolation
 e - a scroll of amnesia
 g - a scroll of enchant armour
 i - a scroll of teleportation
Potions
 d - a potion of magic {unknown}
 f - 2 potions of curing


   Skills:
 + Level 4.2 Fighting
 - Level 5.3 Ranged Weapons
 - Level 2.4 Dodging
 - Level 1.3 Stealth


You had 2 spell levels left.
You didn't know any spells.
Your spell library contained the following spells:

 Spells                   Type           Power      Damage    Failure   Level
 Slow                     Hex            0%         N/A       50%         1


Dungeon Overview and Level Annotations

Branches:
Dungeon (2/15)

Altars:

Shops:
D:1 [

Annotations:
D:2 Terence


Innate Abilities, Weirdness & Mutations

You are small and have problems with some larger weapons.
You are completely attuned to the shadows.


Message History

A kobold is nearby!
Your line of fire to the kobold is blocked by a plant.
Your line of fire to the kobold is blocked by a plant.
Terence the Incautious comes into view.
He is wielding a +1 heavy flail and carrying a wand of flame (15).
Found a spear.
You shoot an arrow. The arrow hits the plant!
The plant begins to die.
The plant is lightly damaged.
The kobold shouts!
Terence shouts!
You shoot an arrow. The arrow hits the plant!!
The plant is lightly damaged.
The kobold is caught in a web!
Terence zaps a wand.
The puff of flame hits you!
Ouch! That really hurt!
You are too injured to fight recklessly!
Okay, then.
As you read the scroll of summoning, it crumbles to dust.
Wisps of shadow whirl around you...
A nearby plant withers and dies.
Terence misses you.
The kobold struggles to get unstuck from the web.
The kobold pulls away from the web.
Your hobgoblin hits the kobold.
You swap places.
Found a ring mail.
Terence barely misses your frilled lizard.
The kobold hits something with a +0 dagger.
Your hobgoblin barely misses the kobold.
Your frilled lizard barely misses Terence.
Your bat closely misses the kobold.
Something hits your hobgoblin!!
Your hobgoblin dies!
Your hobgoblin's corpse dissolves into shadows!
Your frilled lizard closely misses the kobold.
Really read the scroll of immolation?
As you read the scroll of immolation, it crumbles to dust.
The creatures around you are filled with an inner flame!
Your bat barely misses the kobold.
Unknown command.
You shoot an arrow. The arrow hits the kobold!
The kobold explodes!
The fiery explosion engulfs your frilled lizard!!!
Your frilled lizard's corpse dissolves into shadows!
The fiery explosion engulfs you!!
Ouch! That really hurt!
You die...

P.#...## #.#
##.#...####.# )
.#. .P#P#....##.#
#.#.#####P#.#...#
.#.#.#._.#P#.#...#
.^.^b............#
.!S@.§...........#
.#..#§####.......#
.....@# #.......#
###>### #########
#. .# [#


You could see a friendly bat (summoned, inner flame) and a friendly ball python
(summoned, inner flame).

Vanquished Creatures
  An adder (D:2)
  A ball python (D:1)
  4 bats (D:1)
  An endoplasm (D:2)
  5 goblins
  8 hobgoblins
  A quokka (D:1)
  A frilled lizard (D:1)
  4 kobolds
  4 rats (D:1)
30 creatures vanquished.

Vanquished Creatures (others)
  A plant (D:2)
1 creature vanquished.

Grand Total: 31 creatures vanquished

Notes
Turn   | Place    | Note
-------+----------+-------------------------------------------
     0 | D:1      | Newt the Kobold Hunter began the quest for the Orb.
     0 | D:1      | Reached XP level 1. HP: 12/12 MP: 1/1
   379 | D:1      | Reached XP level 2. HP: 18/18 MP: 2/2
   507 | D:1      | Found Erghemen's Armour Shop.
   513 | D:1      | Upgraded the game from 0.30-a0-778-g2ef04afb54 to
                  | 0.30-a0-779-g7971cf19c3
   639 | D:1      | Reached XP level 3. HP: 23/23 MP: 3/3
  1389 | D:2      | Found a faded altar of an unknown god.
  1394 | D:2      | Got Plato's Excursus on the Fair Folk
  1598 | D:2      | Noticed Terence
  1606 | D:2      | Killed by an exploding kobold... ignited by their inner
                  | flame

Illustrated notes

Levels and vault maps discovered:
D:1:      wander_arrival_fairy_ring, layout_basic, serial_forest,
          infiniplex_forest_lined_room_2, infiniplex_forest_clump_C,
          infiniplex_forest_zigzag_1, infiniplex_forest_fountain,
          infiniplex_forest_join, infiniplex_forest_clump_curved,
          infiniplex_forest_lined_4_way, infiniplex_forest_clump_medium,
          infiniplex_forest_straight_2, infiniplex_forest_corner_1,
          serial_shops, nicolae_shop_advertising_works
          [nicolae_subvault_shop_adworks], minmay_misc_feat_five
D:2:      minmay_evil_eye, layout_loops_cross,
          shapermc_ecumenical_altar_rom_forum, uniq_terence

Skill      XL: |  1  2  3 |
---------------+----------+-----
Fighting       | 3 4 |  4.2
Ranged Weapons | |  5.3
Dodging        | |  2.4
Stealth        | |  1.3

Action                     || total
---------------------------++-------
   Fire: Shortbow          ||    77
    Use: Scroll            ||     8
         Potion            ||     1
 Armour: Leather armour    ||     9
  Dodge: Dodged            ||    21

Table legend: (Time is in decaauts)
 A = Elapsed time spent in this place.
 B = Non-inter-level travel time spent in this place.
 C = Inter-level travel time spent in this place.
 D = Time resting spent in this place.
 E = Time spent auto-exploring this place.
 F = Levels seen in this place.
 G = Mean time per level.
                   A        B        C        D        E       F      G
               +--------+--------+--------+--------+--------+-----+--------+
         Total |   1638 |   1592 |     46 |    352 |   1060 |   2 |  819.0 |
       Dungeon |   1638 |   1592 |     46 |    352 |   1060 |   2 |  819.0 |
               +--------+--------+--------+--------+--------+-----+--------+

Top non-repeatable levels by time:
     D:1: 916 daAuts
     D:2: 722 daAuts
